 Dungeon Crawl Stone Soup version 0.31-a0-851-g7ff8af7976 (webtiles) character file.

Game seed: 3164607775067485261

12825 DocEon the Eclecticist (level 11, -15/54 HPs)
             Began as a Deep Elf Earth Elementalist on Oct 5, 2023.
             Was an Initiate of Vehumet.
             Demolished by a large abomination (26 damage)
             ... in a Gauntlet.
             The game lasted 00:14:00 (12587 turns).

DocEon the Eclecticist (DEEE)                      Turns: 12587, Time: 00:14:00

Health: -15/54     AC:  8    Str:  5    XL:     11   Next: 67%
Magic:  41/43      EV: 17    Int: 25    God:    Vehumet [......]
Gold:   673        SH:  0    Dex: 15    Spells: 31/44 levels left

rFire   . . .        p - staff of conjuration
rCold   . . .        (no shield)
rNeg    . . .        x - +0 robe of the Stars {Archmagi}
rPois   +            f - +0 helmet
rElec   .            E - +2 cloak {rPois}
rCorr   .            q - +0 pair of gloves
SInv    .            t - +0 pair of boots
Will    +....        j - amulet of the acrobat
Stlth   ++           A - ring of magical power
HPRegen 0.29/turn    n - +5 ring of evasion
MPRegen 0.28/turn

%: no teleportation, acrobat, archmagi
@: no status effects
A: no striking features
a: Renounce Religion


You were in a Gauntlet.
You worshipped Vehumet.
Vehumet was noncommittal.
You visited 2 branches of the dungeon, and saw 12 of its levels.
You also visited: Gauntlet.

You collected 673 gold pieces.

Inventory:

Hand Weapons
 l - the +5 lajatang "Aubergine" {venom, rCorr}
   (You acquired it on level 4 of the Dungeon)

   rCorr:     It protects you from acid and corrosion.
Missiles
 L - a throwing net
Armour
 f - a +0 helmet (worn)
 k - a +2 robe of willpower
 q - a +0 pair of gloves (worn)
 t - a +0 pair of boots (worn)
 x - the +0 robe of the Stars (worn) {Archmagi}
   (You found it on level 5 of the Dungeon)

   Archmagi:  It increases the power of your magical spells.
 E - a +2 cloak of poison resistance (worn)
Magical Staves
 p - a staff of conjuration (weapon)
Jewellery
 a - a ring of protection from fire
 i - a ring of willpower
 j - an amulet of the acrobat (around neck)
 n - a +5 ring of evasion (right hand)
 v - a ring of flight
 A - a ring of magical power (left hand)
Wands
 u - a wand of charming (15)
 y - a wand of mindburst (35)
 D - a wand of flame (37)
 F - a wand of polymorph (8)
 G - a wand of iceblast (4)
Scrolls
 e - 6 scrolls of identify
 g - a scroll of enchant armour
 m - 2 scrolls of immolation
 o - 2 scrolls of blinking
 r - 3 scrolls of teleportation
 B - a scroll of brand weapon
 H - a scroll of poison
 K - a scroll of vulnerability
Potions
 b - 2 potions of magic
 c - 3 potions of curing
 d - 5 potions of brilliance
 h - 3 potions of enlightenment
 s - 2 potions of attraction
 w - a potion of resistance
 z - a potion of ambrosia
 C - 2 potions of might
 I - a potion of invisibility
Miscellaneous
 J - a phial of floods
 M - a sack of spiders


   Skills:
 - Level 2.4 Dodging
 - Level 2.4 Stealth
 * Level 17.1 Spellcasting
 + Level 10.1 Conjurations
 - Level 1.1 Transmutations
 - Level 3.0 Ice Magic
 + Level 10.8 Earth Magic


You had 31 spell levels left.
You knew the following spells:

 Your Spells              Type           Power      Damage    Failure   Level
a - Sandblast             Erth           100%       2d20      1%          1
b - Passwall              Tmut/Erth      55%        N/A       1%          2
c - Stone Arrow           Conj/Erth      100%       3d13      1%          3
d - Brom's Barrelling Bo  Conj/Erth      100%       2d11      1%          4
e - Frozen Ramparts       Ice            100%       1d16      1%          3

Your spell library contained the following spells:

 Spells                   Type           Power      Damage    Failure   Level
 Petrify                  Tmut/Erth      67%        N/A       1%          4
 Gell's Gravitas          Tloc           32%        N/A       7%          3
 Teleport Other           Tloc           32%        N/A       7%          3
 Metabolic Englaciation   Hex/Ice        21%        N/A       34%         5
 Dispersal                Tloc           16%        N/A       98%         6


Dungeon Overview and Level Annotations

Branches:
Dungeon (11/15)            Temple (1/1) D:5            Lair (0/5) D:9
    Orc (0/2) D:10        Gauntlet (1/1)

Altars:
Ashenzari
Cheibriados
Dithmenos
Elyvilon
Fedhas
Gozag
Hepliaklqana
Kikubaaqudgha
Makhleb
Nemelex Xobeh
Okawaru
Qazlal
Ru
Sif Muna
Trog
Uskayaw
Vehumet
Wu Jian
Xom
Yredelemnul
Zin
The Shining One

Shops:
D:9 (

Annotations:
D:7 1 runed translucent door Gauntlet 11 transporters, exclusion: ice statue


Message History

Casting: Sandblast (safe; 1% risk of failure)
Confirm with . or Enter, or press ? or * to list all spells.
Casting: Frozen Ramparts (safe; 1% risk of failure)
Press: ? - help, Dir - look around, f - activate
Okay, then.
Casting: Frozen Ramparts (safe; 1% risk of failure)
Confirm with . or Enter, or press ? or * to list all spells.
Aiming: Passwall (safe; 1% risk of failure)
Press: ? - help, Dir - move target A rock wall.
You feel a surge of power!
You begin to meditate on the wall.
You continue meditating on the rock.
The large abomination closely misses you.
The small abomination closely misses you.
You continue meditating on the rock.
The small abomination closely misses you.
The small abomination hits you but does no damage.
The large abomination barely misses you.
You finish merging with the rock.
The rime drake hisses angrily.
There is a transporter here.
You see here a sack of spiders.
You barely miss the large abomination.
The large abomination barely misses you.
M - a sack of spiders The small abomination barely misses you.
Casting: Passwall (safe; 1% risk of failure)
Confirm with . or Enter, or press ? or * to list all spells.
Aiming: Passwall (safe; 1% risk of failure)
Press: ? - help, Dir - move target A rock wall.
You feel a surge of power!
The rime drake hisses angrily.
The small abomination misses you. The large abomination hits you!!
Ouch! That really hurt!
You begin to meditate on the wall.
You continue meditating on the rock.
The small abomination hits you!
* * * LOW HITPOINT WARNING * * *
The large abomination hits you!!
You die...

.##.8.#.8.##..##..#.≈##
.##.©.#...#.##..#.#.##
....8.#...#..k.k#.#.≈##
.##.©.#.8.#########.≈≈#
.##.8.#.⌠.#8..©#....≈##
......#.8.#©...#.8..##
.##...#...#8..©#....≈##
#≈≈≈#...#########.≈≈#
##≈###..##.xx@X##.≈##
## ##.##.x###.#.##
##≈.#.##X.#.#.≈##
#≈≈.#.#.©#.##.≈≈#
##≈.##.##..##.≈##
##.##.#.##.#.##
##≈.#.#x#..##.≈##
#≈≈.#########.≈≈#
##≈.#8..©#....≈##


You could see 2 large abominations, 2 rime drakes and 3 small abominations.

Vanquished Creatures
  Erolcha (D:10)
  A two-headed ogre (D:9)
  The ghost of Cadnt the Basher, a novice HuFi (D:6)
  A manticore (D:11)
  Maurice (D:8)
  A cane toad (shapeshifter) (D:11)
  Psyche (D:10)
  Maggie (D:10)
  A komodo dragon (D:9)
  A troll (D:10)
  A shadow (D:9)
  A large abomination (Gauntlet)
  11 yaks
  A wraith (D:10)
  3 wyverns
  A steam dragon (D:5)
  Eustachio (D:6)
  5 vampire mosquitoes
  An acid dragon (D:10)
  2 water moccasins (D:9)
  An ice beast (D:6)
  6 orc warriors
  2 sky beasts (D:7)
  A black bear (D:9)
  3 small abominations (Gauntlet)
  3 ogres
  8 centaurs
  A phantom (D:4)
  2 kobold brigands
  2 necrophages (D:6)
  10 bullfrogs
  A gnoll sergeant (D:9)
  A wyvern zombie (D:6)
  8 scorpions
  7 wights
  A water moccasin zombie (D:6)
  5 killer bees (D:10)
  A howler monkey (D:7)
  2 bullfrog zombies (D:6)
  3 centaur zombies (D:6)
  A jelly (D:7)
  5 orc priests
  3 hounds
  A human zombie (D:6)
  An iguana (D:5)
  13 orc wizards
  Robin (D:3)
  A mummy (D:6)
  3 gnolls (D:9)
  4 adders
  A shadow imp (D:6)
  2 ufetubi
  A worm (D:2)
  5 dart slugs
  41 orcs
  11 ball pythons
  7 bats
  8 endoplasms
  13 giant cockroaches
  21 goblins
  7 hobgoblins
  11 jackals
  24 kobolds
  5 quokkas
  5 frilled lizards
  9 rats
  A butterfly (D:7)
310 creatures vanquished.

Notes
Turn   | Place    | Note
-------+----------+-------------------------------------------
     0 | D:1      | DocEon the Deep Elf Earth Elementalist began the quest for
                  | the Orb.
     0 | D:1      | Reached XP level 1. HP: 10/10 MP: 6/6
   140 | D:1      | Reached XP level 2. HP: 15/15 MP: 4/8
   226 | D:1      | Reached skill level 4 in Spellcasting
   409 | D:1      | Reached XP level 3. HP: 19/19 MP: 8/10
   412 | D:1      | Learned a level 2 spell: Passwall
   416 | D:1      | Learned a level 3 spell: Stone Arrow
  1255 | D:2      | Reached skill level 5 in Spellcasting
  1393 | D:2      | Reached XP level 4. HP: 24/24 MP: 11/13
  1419 | D:2      | Reached skill level 1 in Conjurations
  1775 | D:3      | Found an ornate altar of the Wu Jian Council.
  1832 | D:3      | Learned a level 4 spell: Brom's Barrelling Boulder
  2520 | D:3      | Noticed Robin
  2664 | D:3      | Killed Robin
  2665 | D:3      | Reached XP level 5. HP: 6/28 MP: 3/15
  3085 | D:4      | Reached skill level 6 in Spellcasting
  3149 | D:4      | Found a sparkling altar of Nemelex Xobeh.
  3489 | D:4      | Found a sacrificial altar of Ru.
  3583 | D:4      | Noticed a phantom
  3588 | D:4      | Killed a phantom
  3589 | D:4      | Reached XP level 6. HP: 32/32 MP: 13/17
  3646 | D:4      | Identified a scroll of acquirement
  3646 | D:4      | Acquired the +5 lajatang "Aubergine" {venom, rCorr}
  3908 | D:5      | Entered Level 5 of the Dungeon
  3929 | D:5      | Reached skill level 7 in Spellcasting
  3947 | D:5      | Noticed a steam dragon
  3952 | D:5      | Killed a steam dragon
  3953 | D:5      | Reached skill level 5 in Earth Magic
  4028 | D:5      | Reached XP level 7. HP: 36/36 MP: 17/20
  4235 | D:5      | Reached skill level 8 in Spellcasting
  4358 | D:5      | Identified the +0 robe of the Stars {Archmagi}
  4599 | D:5      | Found a staircase to the Ecumenical Temple.
  4996 | Temple   | Entered the Ecumenical Temple
  5143 | D:6      | Reached skill level 9 in Spellcasting
  5160 | D:6      | Found an iron altar of Okawaru.
  5305 | D:6      | Reached XP level 8. HP: 41/41 MP: 19/23
  5317 | D:6      | Found a runed translucent door.
  5377 | D:6      | Found a white marble altar of Elyvilon.
  5448 | D:6      | Noticed Eustachio
  5449 | D:6      | Found a bloodstained altar of Trog.
  5449 | D:6      | Noticed Cadnt's ghost (novice HuFi)
  5453 | D:6      | Killed Eustachio
  5508 | D:6      | Reached skill level 5 in Conjurations
  5796 | D:6      | Reached skill level 10 in Spellcasting
  6486 | D:6      | Found a shadowy altar of Dithmenos.
  6591 | D:6      | Found a basalt altar of Yredelemnul.
  6675 | D:6      | Reached skill level 11 in Spellcasting
  6818 | D:6      | Reached XP level 9. HP: 38/45 MP: 25/26
  6992 | D:6      | Killed Cadnt's ghost
  6993 | D:6      | Reached skill level 12 in Spellcasting
  7416 | D:7      | Reached skill level 13 in Spellcasting
  7612 | D:7      | Found a burning altar of Makhleb.
  7660 | D:7      | Found an ancient bone altar of Kikubaaqudgha.
  7694 | D:7      | Found a runed translucent door.
  7696 | D:7      | Found a runed translucent door.
  8098 | D:7      | Found a stormy altar of Qazlal.
  8281 | D:7      | Reached XP level 10. HP: 28/50 MP: 14/29
  8545 | D:8      | Reached skill level 14 in Spellcasting
  8661 | D:8      | Found a hide-covered altar of Uskayaw.
  8689 | D:8      | Noticed Maurice
  8698 | D:8      | Killed Maurice
  9002 | D:8      | Found a broken altar of Ashenzari.
  9505 | D:9      | Reached skill level 15 in Spellcasting
 10248 | D:9      | Found a staircase to the Lair.
 10373 | D:9      | Found Ademaq Tuoqa's Weapon Shop.
 10398 | D:9      | Reached skill level 10 in Earth Magic
 10398 | D:9      | Reached XP level 11. HP: 54/54 MP: 19/32
 10729 | D:9      | Noticed a two-headed ogre
 10736 | D:9      | Killed a two-headed ogre
 10737 | D:9      | Reached skill level 16 in Spellcasting
 10875 | D:9      | Learned a level 3 spell: Frozen Ramparts
 10891 | D:10     | Entered Level 10 of the Dungeon
 10944 | D:10     | Found a shimmering altar of Xom.
 11221 | D:10     | Found a staircase to the Orcish Mines.
 11355 | D:10     | Reached skill level 1 in Ice Magic
 11651 | D:10     | Noticed Maggie
 11656 | D:10     | Killed Maggie
 11715 | D:10     | Found a radiant altar of Vehumet.
 11723 | D:10     | Noticed Psyche
 11727 | D:10     | Became a worshipper of Vehumet
 11732 | D:10     | Killed Psyche
 11855 | D:10     | Noticed Erolcha
 11865 | D:10     | Killed Erolcha
 12201 | D:11     | Found a gate leading to a gauntlet.
 12209 | D:11     | Reached skill level 10 in Conjurations
 12214 | Gauntlet | Entered a Gauntlet
 12214 | Gauntlet | Found a transporter.
 12214 | Gauntlet | Found a runed translucent door.
 12261 | Gauntlet | Found a runed translucent door.
 12263 | Gauntlet | Found a transporter.
 12266 | Gauntlet | Found a transporter.
 12267 | Gauntlet | Found a transporter.
 12276 | Gauntlet | Found a transporter.
 12278 | Gauntlet | Found a transporter.
 12279 | Gauntlet | Found a transporter.
 12289 | Gauntlet | Found a transporter.
 12291 | Gauntlet | Found a transporter.
 12292 | Gauntlet | Found a transporter.
 12300 | Gauntlet | Found a transporter.
 12303 | Gauntlet | Found a transporter.
 12304 | Gauntlet | Found a transporter.
 12309 | Gauntlet | Noticed a hell hog
 12313 | Gauntlet | Found a transporter.
 12402 | Gauntlet | Reached skill level 17 in Spellcasting
 12587 | Gauntlet | Demolished by a large abomination

Illustrated notes

Levels and vault maps discovered:
D:1:      lightli_arrival_lavapool, layout_basic, minmay_tetromino_s4
D:2:      minmay_angry_zag, layout_basic
D:3:      kennysheep_goblin_castle, layout_rooms, nzn_wu_jian_contemplation,
          serial_bayou, serial_bayou_lake_a, serial_bayou_pond_e,
          serial_bayou_shore_a, serial_bayou_pond_b, serial_bayou_lagoon_a,
          serial_bayou_pond_c
D:4:      layout_loops_ring, mainiacjoe_overflow_catwalk,
          mainiacjoe_overflow_24_doors, serial_glass, glass_columns_a,
          glass_columns_a, glass_columns_c, glass_columns_b
D:5:      layout_loops_ring, minmay_temple_entry_poolview, moated_statue
D:6:      layout_gridville, bloody_trog, elyvilon_altar_4,
          lemuel_mausoleum_altar_yredelemnul, kennysheep_mini_moat,
          okawaru_metal_pillars_3, ebering_ghost_sewer_d,
          hangedman_abyss_or_decor_stabs, uniq_eustachio
D:7:      lemuel_insect_pit, layout_basic,
          mainiacjoe_overflow_concentric_impassable,
          mainiacjoe_overflow_six_doors_small, nicolae_qazlal_eye_of_the_storm,
          nicolae_underground_beach
D:8:      layout_loops_cross, nicolae_ashenzari_skybound,
          mainiacjoe_overflow_small_starburst, solitary_fountain,
          grunt_decor_mini_mirrors, minmay_crystal_room, corexii_corridor_pit,
          uniq_maurice
D:9:      layout_gridville, due_lair_maze_entry_diamond, serial_shops, shop,
          bh_walls_and_bars
D:10:     layout_rooms, nicolae_overflow_crystal_walls,
          nicolae_vehumet_radiance, orc_0_dummy, uniq_erolcha, uniq_maggie,
          uniq_psyche
D:11:     layout_roguey, gauntlet_entry_generic
Temple:   hellmonk_temple_beads
Gauntlet: gammafunk_gauntlet_77_escape_option [minmay_gauntlet_arena_77_cramped,
          minmay_gauntlet_arena_77_mess, minmay_gauntlet_arena_77_squiggly,
          minmay_gauntlet_arena_77_two_paths,
          minmay_gauntlet_arena_77_tiled_triplets, gauntlet_exit_green]

Skill      XL: |  1  2  3  4  5  6  7  8  9 10 11 |
---------------+----------------------------------+-----
Spellcasting   | 4 5 6 7 9 11 13 15 17 | 17.1
Earth Magic    | 4 5 6 7 8 10 | 10.8
Conjurations   | 1 2 3 4 6 7 9 10 | 10.1
Ice Magic      | 3 |  3.0
Dodging        | |  2.4
Stealth        | |  2.4
Transmutations | |  1.1

Action                     |  1- 3 |  4- 6 |  7- 9 | 10-12 || total
---------------------------+-------+-------+-------+-------++-------
  Melee: Unarmed           |    16 |    24 |       |       ||    40
         Punch             |       |     1 |       |       ||     1
         Staff             |       |       |     3 |     6 ||     9
         Lajatang          |       |       |     1 |       ||     1
   Cast: Sandblast         |    68 |   102 |    29 |    18 ||   217
         Stone Arrow       |       |     5 |   116 |   176 ||   297
         Frozen Ramparts   |       |       |       |     3 ||     3
         Passwall          |       |       |       |     2 ||     2
    Use: Scroll            |     2 |    11 |     6 |     6 ||    25
         Potion            |       |     1 |       |     2 ||     3
   Stab: Sleeping          |     1 |       |       |       ||     1
 Armour: Robe              |    36 |    59 |    33 |    46 ||   174
  Dodge: Dodged            |    43 |    74 |    49 |   109 ||   275

Table legend: (Time is in decaauts)
 A = Elapsed time spent in this place.
 B = Non-inter-level travel time spent in this place.
 C = Inter-level travel time spent in this place.
 D = Time resting spent in this place.
 E = Time spent auto-exploring this place.
 F = Levels seen in this place.
 G = Mean time per level.
                   A        B        C        D        E       F      G
               +--------+--------+--------+--------+--------+-----+--------+
         Total |  12773 |  12342 |    431 |   1712 |   8980 |  13 |  982.5 |
       Dungeon |  12352 |  11941 |    411 |   1514 |   8865 |  11 | 1122.9 |
        Temple |     44 |     24 |     20 |      0 |      0 |   1 |   44.0 |
      Gauntlet |    376 |    376 |      0 |    198 |    115 |   1 |  376.0 |
               +--------+--------+--------+--------+--------+-----+--------+

Top non-repeatable levels by time:
     D:6: 2122 daAuts
     D:9: 1424 daAuts
     D:3: 1339 daAuts
     D:7: 1271 daAuts
    D:10: 1151 daAuts
     D:5: 1112 daAuts
     D:8: 1031 daAuts
     D:4: 941 daAuts
     D:2: 894 daAuts
     D:1: 890 daAuts
Gauntlet: 376 daAuts
    D:11: 171 daAuts
  Temple: 44 daAuts
